 Dungeon Crawl Stone Soup version 0.22-a0-422-g9628fc87f1 (webtiles) character file.

77039 Kriby the Severer (level 15, -10/135 HPs)
             Began as a Hill Orc Fighter on May 16, 2018.
             Was a High Priest of Beogh.
             Killed by divine providence
             ... invoked by a meliai
              (13 damage)
             ... on level 15 of the Dungeon on May 17, 2018.
             The game lasted 00:41:24 (26260 turns).

Kriby the Severer (Hill Orc Fighter)               Turns: 26260, Time: 00:41:24

Health: -10/135    AC: 20    Str: 26    XL:     15   Next: 55%
Magic:  23/23      EV: 12    Int:  4    God:    Beogh [*****.]
Gold:   1298       SH: 31    Dex: 10    Spells: 14/14 levels left

rFire    + . .     SeeInvis .   F - +5 war axe (freeze)
rCold    + . .     Gourm    .   r - +10 large shield of Ignorance {rN+ Int-4}
rNeg     + . .     Faith    .   E - +3 scale mail
rPois    +         Spirit   .   (no helmet)
rElec    +         Reflect  +   Y - +2 cloak
rCorr    +         Harm     .   l - +2 pair of gloves
MR       +....                  z - +0 pair of boots {Stlth+}
Stlth    +.........             b - +2 amulet of reflection
HPRegen  0.32/turn              J - ring of resist corrosion
MPRegen  0.18/turn              S - ring of poison resistance

@: resistant, very slightly contaminated
A: walk on water
a: Smiting, Recall Orcish Followers, Give Item to Named Follower, Renounce
Religion


You were on level 15 of the Dungeon.
You worshipped Beogh.
Beogh was extremely pleased with you.
You were very hungry.

You visited 2 branches of the dungeon, and saw 21 of its levels.
You also visited: Ossuary.

You collected 2254 gold pieces.
You spent 956 gold pieces at shops.

Inventory:

Hand Weapons
 F - a +5 war axe of freezing (weapon)
Missiles
 B - 5 tomahawks of dispersal (quivered)
Armour
 c - a +1 shield
 l - a +2 pair of gloves (worn)
 r - the +10 large shield of Ignorance (worn) {rN+ Int-4}
   (You bought it in a shop on level 12 of the Dungeon)

   It affects your intelligence (-4).
   It protects you from negative energy.
 z - a +0 pair of boots of stealth (worn)
 E - a +3 scale mail (worn)
 Y - a +2 cloak (worn)
Jewellery
 b - a +2 amulet of reflection (around neck)
 w - a +4 ring of intelligence
 J - a ring of resist corrosion (left hand)
 N - the ring "Gejetych" {*Corrode rN+ MR++}
   (You found it on level 3 of the Lair of Beasts)

   [ring of positive energy]

   It protects you from negative energy.
   It affects your resistance to hostile enchantments.
   It may corrode you when you take damage.
 Q - an uncursed ring of wizardry
 S - a ring of poison resistance (right hand)
Wands
 a - a wand of iceblast (12)
 k - a wand of digging (22)
 D - a wand of random effects (38)
 H - a wand of paralysis (34)
 M - a wand of disintegration (12)
 R - a wand of flame (30)
 T - a wand of enslavement (6)
 U - a wand of polymorph (27)
Scrolls
 g - 6 scrolls of enchant armour
 h - 7 scrolls of teleportation
 o - 7 scrolls of identify
 q - 2 scrolls of fear
 s - 8 scrolls of amnesia
 t - 3 scrolls of magic mapping
 u - 4 scrolls of enchant weapon
 x - 3 scrolls of fog
 y - 13 scrolls of remove curse
 G - a scroll of brand weapon
Potions
 d - 2 potions of lignification
 e - 2 potions of degeneration {unknown}
 i - 2 potions of invisibility {unknown}
 j - 8 potions of flight
 n - a potion of berserk rage {unknown}
 p - 3 potions of curing
 A - 3 potions of brilliance
 I - 2 potions of resistance
 L - 2 potions of mutation {unknown}
 P - 4 potions of heal wounds
Miscellaneous
 K - a phantom mirror
 X - a phial of floods (inert)
Comestibles
 f - 30 rations


   Skills:
 + Level 13.0 Fighting
 - Level 18.0 Axes
 + Level 12.1 Armour
 + Level 9.1 Dodging
 + Level 12.1 Shields
 + Level 11.5 Invocations


You had 14 spell levels left.
You didn't know any spells.
Your spell library contained the following spells:

 Spells                   Type           Power        Failure   Level  Hunger
 Bolt of Magma            Conj/Fire/Erth #.........   100%        5    ######.
 Confuse                  Hex            #.......     100%        3    ####...
 Venom Bolt               Conj/Pois      #.........   100%        5    ######.
 Animate Dead             Necr           N/A          100%        4    #####..
 Pain                     Necr           #...         99%         1    ##.....
 Animate Skeleton         Necr           N/A          99%         1    ##.....
 Vampiric Draining        Necr           #.........   100%        3    ####...
 Regeneration             Chrm/Necr      #.........   100%        3    ####...
 Tukima's Dance           Hex            #.......     100%        3    ####...
 Iron Shot                Conj/Erth      #.........   100%        6    #######
 Ensorcelled Hibernation  Hex/Ice        #.....       100%        2    ###....
 Corona                   Hex            #......      99%         1    ##.....
 Orb of Destruction       Conj           #.........   100%        7    #######
 Iskenderun's Battlesphe  Conj/Chrm      #.......     100%        5    ######.
 Dazzling Spray           Conj/Hex       #.....       100%        3    ####...
 Spellforged Servitor     Conj/Summ      #.........   100%        7    #######


Dungeon Overview and Level Annotations

Branches:
Dungeon (15/15) Temple (0/1) D:7 Lair (6/6) D:9 Swamp (0/4) Lair:2 Spider (0/4) Lair:3 Slime (0/5) Lair:5 Orc (0/2) D:12 Vaults (0/5) D:12 D:13 Depths: D:15

Altars:
Cheibriados
Dithmenos
Elyvilon
Hepliaklqana
Makhleb
Nemelex Xobeh
Okawaru
Qazlal
Ru
Sif Muna
Trog
Uskayaw
The Shining One
Jiyva

Shops:
D:8 =   D:12 %[   D:13 }


Message History

The brown ugly thing gores Orgrim.
Orgrim is splashed with acid.
The acid corrodes Orgrim!
You block the meliai's attack.
The meliai hits Orgrim but does no damage.
The meliai closely misses you.
The red ugly thing engulfs you but does no damage.
The crimson imp shouts, "Run away, thou lumpish motley-minded tiler!"
Orgrim hits the brown ugly thing with a +4 bardiche of flaming!!
Orgrim burns the brown ugly thing!
The brown ugly thing headbutts Orgrim.
Orgrim is splashed with acid.
The fire dragon breathes flames at you.
The blast of flame hits Orgrim.
The blast of flame hits you! You resist.
* * * LOW HITPOINT WARNING * * *
Blink to where?
Press: ? - help, Dir - move target cursor You are very lightly contaminated with residual magic.
As you read the scroll of blinking, it crumbles to dust.
The brown ugly thing basks in the mutagenic energy from its kin and changes!
The meliai calls down the wrath of its god upon you.
Something smites you!
You die...

#..o.#### ....#........#
#..oo.o.#
.......#........#
#...###o#
......#........# #...#
#.# ......#........#
#...# #.#
.....#........# #...#
#.# .!.. #........#
#...# #.#####'#
#........# #####
#.......####........####
#######..@.............#
#.............<.....#
#.##†...............# #
#.################
####.##y.......
......u§###....
......[o# .. .5....uDu.+
........###


You could see 2 ugly things and a meliai.

Vanquished Creatures
  Kirke (D:12)
  A deep elf annihilator (D:12)
  Nessos (D:13)
  A dire elephant (Lair:6)
  The ghost of epok the Grappler, a journeyman TrHu (D:10)
  A fire dragon (Lair:3)
  3 hydras
  2 ice dragons
  Erica (Lair:1)
  A centaur warrior (D:12)
  A two-headed ogre (D:12)
  Urug (D:14)
  13 death yaks
  A deep troll earth mage (D:12)
  The ghost of Syrinius the Zephyrmancer, a novice TeAE of Sif Muna (D:9)
  Nergalle (Lair:3)
  An unseen horror (D:11)
  A phantasmal warrior (D:12)
  2 lindwurms (Lair:6)
  An ugly thing (D:12)
  2 cyclopes
  2 manticores (Lair:6)
  A wolf spider (Lair:3)
  4 black mambas (Lair:6)
  4 torpor snails (Lair:6)
  2 elephants (Lair:6)
  9 spiny frogs
  2 gargoyles (D:14)
  A freezing wraith (D:12)
  A rime drake (Lair:2)
  A komodo dragon (Lair:3)
  A kobold demonologist (D:15)
  4 trolls
  A jumping spider (Lair:3)
  3 polar bears (D:11)
  2 tengu conjurers (D:13)
  2 tyrant leeches (Lair:6)
  2 meliai (D:15)
  Prince Ribbit (D:7)
  6 hornets
  6 blink frogs
  8 hippogriffs
  7 dream sheep
  A redback (Lair:3)
  43 yaks
  Eustachio (D:4)
  2 wraiths
  2 wyverns
  6 hogs
  3 basilisks
  11 humans
  5 vampire mosquitoes (D:14)
  The ghost of brujo666 the Spear-Bearer, an amateur MfSk (D:3)
  2 soldier ants
  2 swamp worms (Lair:2)
  7 water moccasins
  16 porcupines
  3 sky beasts
  6 orc warriors
  4 ogres
  4 black bears
  3 ice beasts
  4 centaurs
  9 wolves
  8 crocodiles
  Blork the orc (D:5)
  A big kobold (D:12)
  9 bullfrogs
  A gnoll sergeant (D:6)
  A water moccasin zombie (D:5)
  A scorpion (D:10)
  8 killer bees
  5 wights
  3 howler monkeys (D:9)
  4 electric eels
  7 crimson imps
  3 bullfrog zombies
  A quasit (D:13)
  A wyvern simulacrum (D:11)
  2 centaur zombies (Ossuary)
  2 bullfrog skeletons
  5 orc priests
  A gnoll shaman (D:5)
  8 hounds
  A jelly (D:7)
  6 orc wizards
  2 iguanas
  Ijyb (D:5)
  9 worker ants
  A bullfrog simulacrum (D:11)
  A big kobold zombie (Ossuary)
  A centaur simulacrum (D:11)
  A hound zombie (D:9)
  2 hound skeletons
  2 mummies (Ossuary)
  11 gnolls
  7 adders
  2 shadow imps
  3 white imps (D:11)
  3 oozes
  An adder skeleton (D:7)
  2 dart slugs (D:2)
  2 leopard geckos
  36 orcs
  2 ball pythons
  2 giant cockroaches (D:1)
  4 gnoll zombies (Ossuary)
  5 goblins (D:1)
  7 hobgoblins
  14 jackals
  2 quokkas
  6 bats
  4 frilled lizards
  2 goblin zombies (Ossuary)
  3 hobgoblin zombies (Ossuary)
  11 kobolds
  A leopard gecko skeleton (D:7)
  3 orc zombies
  A quokka skeleton (D:4)
  6 rats
  14 fungi
  10 plants
506 creatures vanquished.

Vanquished Creatures (collateral kills)
  A great orb of eyes (D:13)
  3 hydras
  2 catoblepae
  2 two-headed ogres
  8 death yaks
  An orc knight (D:12)
  A wolf spider (Lair:3)
  4 ugly things
  A deep elf mage (D:12)
  2 black mambas
  Maurice (D:10)
  2 centaur zombies
  2 spiny frogs
  A torpor snail (Lair:6)
  2 rime drakes
  2 komodo dragons (Lair:6)
  A troll (D:11)
  A polar bear (Lair:6)
  A hornet (Lair:6)
  2 tyrant leeches (Lair:6)
  6 dream sheep
  11 hippogriffs
  17 yaks
  A hungry ghost (D:14)
  A hog (D:12)
  6 humans
  A vampire mosquito (D:14)
  An acid dragon (D:12)
  A swamp worm (Lair:2)
  2 water moccasins
  A porcupine (Lair:1)
  An ice beast (D:11)
  An orc warrior (D:12)
  9 wolves
  2 centaurs
  An ogre (D:12)
  A big kobold (D:12)
  3 bullfrogs
  A howler monkey (D:11)
  A jelly (D:12)
  An orc wizard (D:9)
  2 adders
  2 shadow imps
  2 orcs
  2 kobolds (D:12)
  11 fungi
  10 plants
138 creatures vanquished.

Vanquished Creatures (others)
  An orc warrior (D:15)
  Menkaure (D:5)
  An orc priest (D:15)
  A centaur (D:11)
  A crimson imp (D:5)
  A bullfrog zombie (D:5)
  4 orc wizards
  A gnoll (D:5)
  7 orcs
  A quokka (D:5)
  A frilled lizard (D:5)
  A jackal skeleton (D:5)
  4 fungi
  18 plants
43 creatures vanquished.

Grand Total: 687 creatures vanquished

Notes
Turn   | Place    | Note
-------+----------+-------------------------------------------
     0 | D:1      | Kriby the Hill Orc Fighter began the quest for the Orb.
     0 | D:1      | Reached XP level 1. HP: 19/19 MP: 1/1
    35 | D:1      | Reached skill level 3 in Axes
    35 | D:1      | Reached XP level 2. HP: 27/27 MP: 2/2
   240 | D:1      | Reached XP level 3. HP: 33/33 MP: 3/3
   813 | D:2      | Reached skill level 1 in Dodging
   993 | D:2      | Reached XP level 4. HP: 36/40 MP: 4/4
  1003 | D:2      | Reached skill level 4 in Axes
  1913 | D:3      | Found a sacrificial altar of Ru.
  1913 | D:3      | Found a hazy altar of Hepliaklqana.
  1914 | D:3      | Found a snail-covered altar of Cheibriados.
  1914 | D:3      | Found a hide-covered altar of Uskayaw.
  1914 | D:3      | Found a glowing golden altar of the Shining One.
  1931 | D:3      | Reached XP level 5. HP: 43/47 MP: 5/5
  2054 | D:3      | Found a sparkling altar of Nemelex Xobeh.
  2192 | D:3      | Noticed brujo666's ghost (amateur MfSk)
  2202 | D:3      | Killed brujo666's ghost
  2202 | D:3      | Reached skill level 5 in Axes
  2202 | D:3      | Reached XP level 6. HP: 41/53 MP: 6/6
  2627 | D:4      | Noticed Eustachio
  2661 | D:4      | Noticed a hippogriff
  3009 | D:4      | Killed Eustachio
  3009 | D:4      | Reached skill level 5 in Fighting
  3217 | D:4      | Killed a hippogriff
  3217 | D:4      | Reached skill level 6 in Axes
  3217 | D:4      | Reached XP level 7. HP: 39/61 MP: 7/7
  3387 | D:5      | Entered Level 5 of the Dungeon
  3400 | D:5      | Became a worshipper of Beogh the Brigand
  3403 | D:5      | Noticed Blork the orc
  3423 | D:5      | Killed Blork the orc
  3615 | D:5      | Found a white marble altar of Elyvilon.
  3808 | D:5      | Reached skill level 7 in Axes
  3808 | D:5      | Reached skill level 5 in Armour
  3922 | D:5      | Noticed Menkaure
  3934 | D:5      | HP: 2/62 [water moccasin zombie (6)]
  3936 | D:5      | Reached skill level 5 in Shields
  3936 | D:5      | Reached XP level 8. HP: 23/70 MP: 8/8
  3936 | D:5      | Killed Menkaure
  4187 | D:5      | Noticed Ijyb
  4216 | D:5      | Killed Ijyb
  4450 | D:5      | Reached skill level 8 in Axes
  4614 | D:5      | Found a stormy altar of Qazlal.
  4614 | D:5      | Found an iron altar of Okawaru.
  4615 | D:5      | Found a bloodstained altar of Trog.
  4677 | D:6      | Found a sand-covered staircase.
  4689 | Ossuary  | Entered an ossuary
  4706 | Ossuary  | Reached * piety under Beogh
  5678 | D:6      | Reached XP level 9. HP: 40/78 MP: 9/9
  5975 | D:6      | Reached skill level 9 in Axes
  6092 | D:6      | Found a burning altar of Makhleb.
  6395 | D:7      | Noticed Prince Ribbit
  6403 | D:7      | Killed Prince Ribbit
  6729 | D:7      | Reached ** piety under Beogh
  6751 | D:7      | Found a staircase to the Ecumenical Temple.
  6904 | D:7      | Reached skill level 10 in Axes
  7191 | D:7      | Reached XP level 10. HP: 44/88 MP: 10/10
  7405 | D:7      | Found a shadowy altar of Dithmenos.
  7635 | D:8      | Reached skill level 11 in Axes
  8184 | D:8      | Found Coar's Jewellery Boutique.
  8189 | D:8      | Bought a +2 amulet of reflection for 97 gold pieces
  8350 | D:9      | Noticed a cyclops
  8664 | D:8      | Reached skill level 1 in Invocations
  9150 | D:8      | Reached skill level 5 in Dodging
  9177 | D:8      | Reached *** piety under Beogh
  9323 | D:9      | Noticed Syrinius's ghost (novice TeAE)
  9621 | D:9      | Found a staircase to the Lair.
  9626 | D:9      | Killed Syrinius's ghost
  9626 | D:9      | Reached skill level 12 in Axes
  9626 | D:9      | Reached XP level 11. HP: 63/95 MP: 13/13
 10414 | D:9      | Killed a cyclops
 10633 | D:10     | Entered Level 10 of the Dungeon
 10667 | D:10     | Noticed epok's ghost (journeyman TrHu)
 10680 | D:10     | Killed epok's ghost
 11287 | D:10     | Noticed Maurice
 11288 | D:10     | Paralysed by Maurice for 4 turns
 11300 | D:10     | Paralysed by Maurice for 6 turns
 11302 | D:10     | Killed Maurice
 11302 | D:10     | Reached skill level 13 in Axes
 11483 | Lair:1   | Entered Level 1 of the Lair of Beasts
 11586 | Lair:1   | Reached **** piety under Beogh
 11592 | Lair:1   | Noticed Erica
 11595 | Lair:1   | Noticed a four-headed hydra
 11615 | Lair:1   | Killed a seven-headed hydra
 11615 | Lair:1   | Reached skill level 5 in Invocations
 11628 | Lair:1   | Killed Erica
 12612 | Lair:2   | Found a staircase to the Swamp.
 12623 | Lair:2   | Gained Olfik as an ally
 13206 | Lair:2   | Reached XP level 12. HP: 91/106 MP: 16/16
 13556 | Lair:3   | Noticed Nergalle
 13569 | Lair:3   | Killed Nergalle
 13569 | Lair:3   | Reached skill level 10 in Fighting
 13985 | Lair:2   | Reached skill level 14 in Axes
 14107 | Lair:3   | Noticed an eight-headed hydra
 14114 | Lair:3   | Killed an eight-headed hydra
 14473 | Lair:3   | Noticed a death yak
 14473 | Lair:3   | Noticed a death yak
 14473 | Lair:3   | Noticed a death yak
 14473 | Lair:3   | Noticed a fire dragon
 14474 | Lair:3   | Noticed a death yak
 14484 | Lair:3   | Noticed a death yak
 14490 | Lair:3   | Killed a death yak
 14493 | Lair:3   | Killed a death yak
 14493 | Lair:3   | Killed a fire dragon
 14495 | Lair:3   | Killed a death yak
 14495 | Lair:3   | Killed a death yak
 14496 | Lair:3   | Killed a death yak
 14496 | Lair:3   | Reached XP level 13. HP: 88/115 MP: 18/18
 14666 | Lair:3   | Reached skill level 15 in Axes
 14796 | Lair:3   | Reached skill level 10 in Shields
 14837 | Lair:3   | Got a slimy steel ring
 15122 | Lair:3   | Found a hole to the Spider Nest.
 15368 | Lair:4   | Reached skill level 10 in Armour
 15760 | Lair:4   | Identified the cursed +1 ring mail of a bailey {rElec rPois rF- SInv} (You found it on level 4 of the Lair of Beasts)
 15761 | Lair:4   | Identified the ring "Gejetych" {*Corrode rN+ MR++} (You found it on level 3 of the Lair of Beasts)
 17458 | Lair:5   | Found a staircase to the Slime Pits.
 17459 | Lair:5   | Found a viscous altar of Jiyva.
 18070 | Lair:6   | Entered Level 6 of the Lair of Beasts
 18095 | Lair:6   | Reached skill level 16 in Axes
 18572 | Lair:6   | Reached XP level 14. HP: 118/125 MP: 21/21
 18621 | Lair:6   | Reached ***** piety under Beogh
 18647 | Lair:6   | Gained Berold as an ally
 19302 | Lair:6   | Found a runed door.
 19749 | Lair:6   | Reached skill level 10 in Invocations
 20449 | Lair:6   | Noticed a dire elephant
 20461 | Lair:6   | Killed a dire elephant
 20504 | Lair:6   | Reached skill level 17 in Axes
 21526 | D:11     | Gained Orgrim as an ally
 21882 | D:11     | Identified the +1 robe of Ketsinus {rC+ MR+ Str-5 Int+5} (You found it on level 11 of the Dungeon)
 22636 | D:12     | Found a staircase to the Orcish Mines.
 22767 | D:12     | Found Redoist's Food Emporium.
 22779 | D:12     | Noticed Kirke
 22792 | D:12     | Killed Kirke
 23009 | D:12     | Reached XP level 15. HP: 134/134 MP: 23/23
 23533 | D:12     | Reached ****** piety under Beogh
 23999 | D:12     | Found Ucuaneast's Armour Boutique.
 24002 | D:12     | Bought the +10 large shield of Ignorance {rN+ Int-4} for 859 gold pieces
 24002 | D:12     | Found the +10 large shield of Ignorance {rN+ Int-4}
 24316 | D:13     | Found a gate to the Vaults.
 24316 | D:13     | Noticed Nessos
 24320 | D:12     | Identified a scroll of acquirement
 24746 | D:13     | Killed Nessos
 24752 | D:13     | Reached skill level 18 in Axes
 24967 | D:13     | Found Riroru's Gadget Boutique.
 25818 | D:14     | Found a snail-covered altar of Cheibriados.
 26020 | D:14     | Noticed Urug
 26032 | D:14     | Killed Urug
 26060 | D:14     | Found a deep blue altar of Sif Muna.
 26166 | D:15     | Entered Level 15 of the Dungeon
 26259 | D:15     | HP: 2/135 [fire dragon/blast of flame (24)]
 26260 | D:15     | Killed from afar by a meliai

Vault maps used:
D:1:      moated_graveyard_arrival
D:2:      hex_tiny
D:3:      overflow_temple_1_default, grunt_temple_overflow_open, first_ration
D:4:      uniq_eustachio
D:5:      elyvilon_altar_4, gammafunk_temple_overflow_forgotten,
          hangedman_abyss_or_decor_lesser_grid, uniq_ijyb, uniq_menkaure,
          uniq_blork_the_orc
D:6:      lightli_temple_of_fire, enter_ossuary_3, minmay_misc_feat_hallway
D:7:      lemuel_doored_altar, temple_statues, grunt_livestock,
          uniq_prince_ribbit1
D:8:      serial_shops, nicolae_shop_stone
D:9:      due_lair_maze_entry_diamond
D:10:     uniq_maurice
D:11:     serial_ice, serial_ice_j, serial_ice_o, serial_ice_e, serial_ice_f
D:12:     kennysheep_snake, orc_0_dummy, serial_shops, nicolae_shop_crystal,
          kennysheep_mini, uniq_kirke
D:13:     david_vaults_3, serial_shops, nicolae_shop_stone
D:14:     kennysheep_flooded_box, lab_entry_generic, lemuel_centaur_altar,
          uniq_josephine, uniq_sonja, uniq_urug
D:15:     grunt_enter_depths_snipers, hex_intersection, lightli_fourway_metalbox
Lair:1:   infiniplex_staircase_pool, uniq_erica
Lair:2:   nicolae_swamp_entry_splash_gauntlet, patterned_corridor
Lair:3:   dragon1_lemuel, spider_nest_entry_funnel_web, nzn_random_ring,
          uniq_nergalle
Lair:4:   grunt_megastairs_4
Lair:5:   slime_altar_1
Lair:6:   hangedman_lair_in_review, wormcave
Ossuary:  minmay_ossuary_gauntlet

Skill      XL: |  1  2  3  4  5  6  7  8  9 10 11 12 13 14 15 |
---------------+----------------------------------------------+-----
Axes           | 3 4 5 6 7 8 10 12 13 14 16 17 18 | 18.0
Fighting       | 4 5 6 7 8 9 10 11 12 13 | 13.0
Dodging        | 1 2 3 4 5 6 7 8 9 |  9.1
Armour         | 4 5 6 7 8 9 10 11 12 | 12.1
Shields        | 4 5 6 8 9 10 11 12 | 12.1
Invocations    | 3 5 7 9 10 11 | 11.5

Action                   |  1- 3 |  4- 6 |  7- 9 | 10-12 | 13-15 || total
-------------------------+-------+-------+-------+-------+-------++-------
Melee: War axe           |   109 |   122 |   357 |   565 |   758 ||  1911
Invok: Convert to Beogh  |       |       |     1 |       |       ||     1
       Smiting           |       |       |       |    11 |    10 ||    21
       Recall Orcish Fol |       |       |       |       |     3 ||     3
       Give Item to Name |       |       |       |       |     1 ||     1
       Resurrection      |       |       |       |       |     1 ||     1
Evoke: Wand              |       |     1 |     3 |     5 |     9 ||    18
       Phial of floods   |       |       |       |       |     1 ||     1
  Use: Potion            |       |     4 |     1 |     2 |     8 ||    15
       Scroll            |       |       |       |    11 |    15 ||    26
 Stab: Confused          |       |       |     2 |       |       ||     2
       Distracted        |       |       |       |     2 |     2 ||     4
       Paralysed         |       |       |       |       |     1 ||     1
  Eat: Chunk             |       |     8 |    13 |    17 |    33 ||    71
       Ration            |       |       |       |     2 |     1 ||     3
Armor: Scale mail        |    67 |    68 |    70 |   146 |   206 ||   557
       Plate armour      |       |       |    63 |    53 |       ||   116
Dodge: Dodged            |    44 |    41 |   102 |   134 |   228 ||   549
Block: Shield            |    75 |    83 |   155 |   311 |   364 ||   988
       Reflection        |       |       |       |     3 |    26 ||    29
       Large shield      |       |       |       |       |   209 ||   209

Table legend:
 A = Spawn XP
 B = Non-spawn XP
 C = Spawn XP percentage of total XP
 D = Spawn monster count
 E = Non-spawn monster count
 F = Spawn count percentage of total count
 G = Total turns spent on level
                    A         B        C        D         E        F      G
               +---------+---------+-------+---------+---------+-------+---------
         Total |       0 |  110056 |   0.0 |       0 |     602 |   0.0 | 26260
               +---------+---------+-------+---------+---------+-------+---------
           D:1 |       0 |      55 |   0.0 |       0 |      26 |   0.0 |   573
           D:2 |       0 |      73 |   0.0 |       0 |      25 |   0.0 |  1142
           D:3 |       0 |     229 |   0.0 |       0 |      13 |   0.0 |   897
           D:4 |       0 |     504 |   0.0 |       0 |      12 |   0.0 |   946
           D:5 |       0 |     968 |   0.0 |       0 |      21 |   0.0 |  1085
           D:6 |       0 |     653 |   0.0 |       0 |      15 |   0.0 |  1371
           D:7 |       0 |    2034 |   0.0 |       0 |      30 |   0.0 |  1160
           D:8 |       0 |    3171 |   0.0 |       0 |      44 |   0.0 |  2181
           D:9 |       0 |    2651 |   0.0 |       0 |      22 |   0.0 |   954
          D:10 |       0 |    3601 |   0.0 |       0 |      21 |   0.0 |   846
          D:11 |       0 |    4434 |   0.0 |       0 |      28 |   0.0 |  1522
          D:12 |       0 |   16657 |   0.0 |       0 |      70 |   0.0 |  2117
          D:13 |       0 |    3753 |   0.0 |       0 |      10 |   0.0 |   968
          D:14 |       0 |    6233 |   0.0 |       0 |      33 |   0.0 |   469
          D:15 |       0 |    2327 |   0.0 |       0 |       7 |   0.0 |    94
        Lair:1 |       0 |    2772 |   0.0 |       0 |       9 |   0.0 |   843
        Lair:2 |       0 |    3083 |   0.0 |       0 |      20 |   0.0 |  1649
        Lair:3 |       0 |   15156 |   0.0 |       0 |      48 |   0.0 |  1354
        Lair:4 |       0 |    7660 |   0.0 |       0 |      36 |   0.0 |  1639
        Lair:5 |       0 |    3633 |   0.0 |       0 |      14 |   0.0 |  1206
        Lair:6 |       0 |   30240 |   0.0 |       0 |      82 |   0.0 |  2871
       Ossuary |       0 |     169 |   0.0 |       0 |      16 |   0.0 |   373
               +---------+---------+-------+---------+---------+-------+---------
